 Dungeon Crawl Stone Soup version 0.28-a0-1199-gef9e1dbd39 (webtiles) character file.

Game seed: 1480093165582683162

98 Garessta the Conjurer (level 4, -8/28 (30) HPs)
             Began as a Demonspawn Conjurer on Dec 19, 2021.
             Mangled by Crazy Yiuf (12 damage)
             ... on level 2 of the Dungeon.
             The game lasted 00:04:06 (2435 turns).

Garessta the Conjurer (Demonspawn Conjurer)         Turns: 2435, Time: 00:04:07

HP:   -8/28 (30)    AC:  4    Str:  7    XL:     4   Next: 43%
MP:   3/8           EV: 12    Int: 22    God:
Gold: 49            SH:  9    Dex: 11    Spells: 2/9 levels left

rFire   . . .      SeeInvis .   k - +2 dagger (venom)
rCold   . . .      Faith    .   (no shield)
rNeg    . . .      Spirit   .   a - +0 robe
rPois   .          Reflect  +   (no helmet)
rElec   .          Harm     .   (no cloak)
rCorr   .          Rampage  .   (no gloves)
Will    .....                   (no boots)
Stlth   ++........              j - amulet of reflection
HPRegen 0.09/turn               (no ring)
MPRegen 0.11/turn               (no ring)

@: drained
A: claws 1, molten scales 1, condensation shield
a: no special abilities


You were on level 2 of the Dungeon.
You visited 1 branch of the dungeon, and saw 2 of its levels.

You collected 91 gold pieces.
You spent 42 gold pieces at shops.

Inventory:

Hand Weapons
 d - a +0 short sword
 k - a +2 dagger of venom (weapon)
Armour
 a - a +0 robe (worn)
Jewellery
 j - an amulet of reflection (around neck)
Wands
 l - a wand of flame (7)
Scrolls
 b - a scroll of magic mapping {unknown}
 c - a scroll of teleportation {unknown}
 i - a scroll of fog {unknown}
 m - a scroll of vulnerability {unknown}
 n - a scroll of identify {unknown}
Potions
 e - a potion of degeneration {unknown}
 f - a potion of mutation {unknown}
 g - a potion of lignification {unknown}
 h - a potion of curing


   Skills:
 - Level 1.7 Dodging
 - Level 1.7 Stealth
 + Level 3.0 Spellcasting
 * Level 5.3 Conjurations


You had 2 spell levels left.
You knew the following spells:

 Your Spells              Type           Power      Damage    Failure   Level
a - Magic Dart            Conj           100%       1d8       1%          1
b - Searing Ray           Conj           52%        2d6       1%          2
c - Iskenderun's Mystic   Conj/Tloc      15%        2d5       38%         4

Your spell library contained the following spells:

 Spells                   Type           Power      Damage    Failure   Level
 Dazzling Flash           Conj/Hex       30%        N/A       12%         3
 Iskenderun's Battlesphe  Conj           26%        2d8       36%         5
 Fulminant Prism          Conj/Hex       7%         3d7       38%         4
 Fireball                 Conj/Fire      7%         3d5       75%         5
 Conjure Ball Lightning   Conj/Air       7%         3x3d6     99%         6
 Orb of Destruction       Conj           13%        9d6       100%        7


Dungeon Overview and Level Annotations

Branches:
Dungeon (2/15)

Altars:

Shops:
D:1 !

Annotations:
D:2 Crazy Yiuf


Innate Abilities, Weirdness & Mutations

You have sharp fingernails.
You are partially covered in molten scales. (AC +2)
A meltable shield of frost defends you. (SH +4)


Message History

Casting: Magic Dart (safe; 1% risk of failure)
Confirm with . or Enter, or press ? or * to list all spells.
Okay, then.
Casting: Magic Dart (safe; 1% risk of failure)
Confirm with . or Enter, or press ? or * to list all spells.
Aiming: Searing Ray (safe; 1% risk of failure)
Press: ? - help, Shift-Dir - straight line, f - Crazy Yiuf
Aim: Crazy Yiuf, wielding a +3 quarterstaff of chaos and wearing a +0 cloak (82% to hit)
The searing ray hits Crazy Yiuf!
Crazy Yiuf is moderately wounded. (Press . to maintain the ray.) Crazy Yiuf closely misses you.
The searing ray hits Crazy Yiuf.
Crazy Yiuf is heavily wounded.
Crazy Yiuf hits you with a +3 quarterstaff of chaos.
You feel drained.
The searing ray hits Crazy Yiuf but does no damage.
Crazy Yiuf is heavily wounded.
Crazy Yiuf whimpers, "Action sing Hive!"
Crazy Yiuf hits you with a +3 quarterstaff of chaos.
The searing ray hits Crazy Yiuf!
Crazy Yiuf is almost dead.
You finish channelling your searing ray.
Crazy Yiuf laughs, "Snoogle Hive childish!"
Crazy Yiuf hits you with a +3 quarterstaff of chaos!
* * * LOW HITPOINT WARNING * * *
You are lethally poisoned!
You feel better.
Crazy Yiuf screams, "Ghoul alas shoe!"
Crazy Yiuf hits you with a +3 quarterstaff of chaos.
* * * LOW HITPOINT WARNING * * *
Crazy Yiuf freezes you.
* * * LOW HITPOINT WARNING * * *
Casting: Searing Ray (safe; 1% risk of failure)
Confirm with . or Enter, or press ? or * to list all spells.
You don't have enough magic to cast this spell.
Okay, then.
Crazy Yiuf whimpers, "Action toodlewoodle forty-two!"
Crazy Yiuf hits you with a +3 quarterstaff of chaos!
You die...

#.....#######..#######
###### #..#.## ##...#
#..#.## #....# #.....#
##..## #..#..####
♣....♣ #........#
♣...♣♣ ####.#..##.#
♣♣.♣♣ #.........##
♣.♣♣ ## #.##....##.#
♣♣@♣ #. #.##..#.##.#
♣g♣♣ #. #.##..#.##.#
♣♣.♣ #. #.##.......#
#'# #. #.#####.##.#
... ### #. #.# #.##.#
#...# #.# #. #.#
#.##.# #..)# #.# #.
##.#####.##.# #####
#.# #. .........##.#
#.# #.


You could see Crazy Yiuf.

Vanquished Creatures
  3 gnolls (D:2)
  3 adders (D:2)
  2 dart slugs
  2 ball pythons
  A bat (D:2)
  3 endoplasms
  3 giant cockroaches (D:2)
  5 goblins (D:2)
  3 hobgoblins
  2 jackals (D:2)
  2 kobolds
  3 frilled lizards
  4 rats
36 creatures vanquished.

Vanquished Creatures (others)
  2 fungi (D:2)
  6 plants (D:2)
8 creatures vanquished.

Grand Total: 44 creatures vanquished

Notes
Turn   | Place    | Note
-------+----------+-------------------------------------------
     0 | D:1      | Garessta the Demonspawn Conjurer began the quest for the
                  | Orb.
     0 | D:1      | Reached XP level 1. HP: 13/13 MP: 3/3
   436 | D:1      | Gained mutation: A meltable shield of frost defends you.
                  | (SH +4) [demonic ancestry]
   436 | D:1      | Reached XP level 2. HP: 19/19 MP: 1/5
   439 | D:1      | Learned a level 2 spell: Searing Ray
   991 | D:1      | Found Bucseimn's Distillery.
   999 | D:1      | Bought a potion of curing for 42 gold pieces
  1228 | D:2      | Found a faded altar of an unknown god.
  1495 | D:2      | Gained mutation: You are partially covered in molten
                  | scales. (AC +2) [demonic ancestry]
  1495 | D:2      | Reached XP level 3. HP: 24/24 MP: 0/6
  1740 | D:2      | Reached skill level 5 in Conjurations
  1824 | D:2      | Gained mutation: You have sharp fingernails. [demonic
                  | ancestry]
  1824 | D:2      | Reached XP level 4. HP: 30/30 MP: 3/8
  2237 | D:2      | Found a runed translucent door.
  2238 | D:2      | Noticed Crazy Yiuf
  2426 | D:2      | Learned a level 4 spell: Iskenderun's Mystic Blast
  2435 | D:2      | Mangled by Crazy Yiuf

Illustrated notes

Levels and vault maps discovered:
D:1:      saegor_arrival_under_anarchy, layout_loops_corners, serial_shops, shop
D:2:      layout_loops_ring, dreamdust_ecumenical_altar_grove,
          kennysheep_small_spiral, uniq_crazy_yiuf_cottage

Skill      XL: |  1  2  3  4 |
---------------+-------------+-----
Conjurations   | 5 |  5.3
Spellcasting   | 3 |  3.0
Dodging        | |  1.7
Stealth        | |  1.7

Action                   |  1- 3 |  4- 6 || total
-------------------------+-------+-------++-------
Melee: Dagger            |     1 |       ||     1
 Cast: Magic Dart        |    58 |    17 ||    75
       Searing Ray       |     3 |     1 ||     4
  Use: Potion            |       |     1 ||     1
Dodge: Dodged            |     1 |     1 ||     2
Block: Other             |     3 |     1 ||     4
       Reflection        |       |     1 ||     1

Table legend: (Time is in decaauts)
 A = Elapsed time spent in this place.
 B = Non-inter-level travel time spent in this place.
 C = Inter-level travel time spent in this place.
 D = Time resting spent in this place.
 E = Time spent auto-exploring this place.
 F = Levels seen in this place.
 G = Mean time per level.
                   A        B        C        D        E       F      G
               +--------+--------+--------+--------+--------+-----+--------+
         Total |   2434 |   2409 |     25 |     14 |   2184 |   2 | 1217.0 |
       Dungeon |   2434 |   2409 |     25 |     14 |   2184 |   2 | 1217.0 |
               +--------+--------+--------+--------+--------+-----+--------+

Top non-repeatable levels by time:
     D:2: 1320 daAuts
     D:1: 1114 daAuts
